 Dungeon Crawl Stone Soup version 0.24-a0-350-g5b3daab (webtiles) character file.

Game seed: 14164365292919965821

220 CanOfBees the Caller (level 5, -1/31 HPs)
             Began as a Tengu Summoner on May 23, 2019.
             Slain by an ice beast (9 damage)
             ... on level 5 of the Dungeon.
             The game lasted 00:10:37 (5830 turns).

CanOfBees the Caller (Tengu Summoner)               Turns: 5830, Time: 00:10:38

Health: -1/31      AC:  4    Str:  9    XL:     5   Next: 97%
Magic:  10/19      EV: 16    Int: 16    God:
Gold:   140        SH:  0    Dex: 14    Spells: 4/10 levels left

rFire    . . .     SeeInvis .   a - +0 spear
rCold    . . .     Gourm    .   (no shield)
rNeg     . . .     Faith    .   w - +0 robe
rPois    .         Spirit   .   (helmet restricted)
rElec    .         Reflect  .   (no cloak)
rCorr    .         Harm     .   m - +1 pair of gloves
MR       .....                  (boots unavailable)
Stlth    ++........             (no amulet)
HPRegen  0.10/turn              z - ring of magical power
MPRegen  0.16/turn              (no ring)

@: flying quickly and evasively, quick
A: beak, talons 3, able to fly
a: Stop Flying


You were on level 5 of the Dungeon.
You were very hungry.

You visited 1 branch of the dungeon, and saw 5 of its levels.

You collected 140 gold pieces.

Inventory:

Hand Weapons
 a - a +0 spear (weapon)
 b - a +0 longbow
Missiles
 f - 37 arrows
 i - 148 stones
 k - 21 poisoned darts (quivered)
 B - 49 sling bullets
Armour
 m - a +1 pair of gloves (worn)
 w - a +0 robe (worn)
Jewellery
 z - a ring of magical power (left hand)
Wands
 v - a wand of flame (4)
 C - a wand of paralysis (12)
Scrolls
 d - a scroll of identify
 h - 3 scrolls of teleportation
 j - 4 scrolls of remove curse
 n - a scroll of fear {unknown}
 q - a scroll of magic mapping {unknown}
 y - a scroll of amnesia {unknown}
 D - a scroll of enchant armour {unknown}
 F - a scroll of random uselessness {unknown}
Potions
 e - a potion of mutation
 g - a potion of degeneration {unknown}
 l - 2 potions of ambrosia {unknown}
 o - a potion of magic {unknown}
 p - a potion of agility {unknown}
 r - a potion of brilliance {unknown}
 s - a potion of curing
 t - a potion of haste {unknown}
 u - 2 potions of flight {unknown}
 x - 4 potions of heal wounds {unknown}
 A - a potion of lignification {unknown}
 E - 2 potions of cancellation {unknown}
Comestibles
 c - 13 rations


   Skills:
 + Level 2.5 Fighting
 + Level 2.1 Bows
 - Level 3.0 Dodging
 - Level 2.0 Stealth
 + Level 3.1 Spellcasting
 + Level 5.9 Summonings


You had 4 spell levels left.
You knew the following spells:

 Your Spells              Type           Power        Failure   Level  Hunger
a - Summon Small Mammal   Summ           ###.         1%          1    None
b - Call Imp              Summ           ###.....     2%          2    ##.....
c - Call Canine Familiar  Summ           ###.....     4%          3    ###....

Your spell library contained the following spells:

 Spells                   Type           Power        Failure   Level  Hunger
 Summon Guardian Golem    Hex/Summ       ##......     16%         3    ###....
 Animate Skeleton         Necr           N/A          19%         1    None
 Apportation              Tloc           #.....       19%         1    None
 Confusing Touch          Hex            #.....       19%         1    None
 Summon Ice Beast         Ice/Summ       ##......     47%         4    ####...
 Summon Lightning Spire   Summ/Air       ##......     47%         4    ####...


Dungeon Overview and Level Annotations

Branches:
Dungeon (5/15)
 Temple: D:4-7

Altars:
Ashenzari
Kikubaaqudgha
Sif Muna
Uskayaw


Innate Abilities, Weirdness & Mutations

You have a beak for a mouth.
You have claws for feet.
You can fly continuously.


Message History

A beastly little devil appears in a puff of flame.
Casting: Call Imp (safe; 2% risk of failure)
Confirm with . or Enter, or press ? or * to list all spells.
You don't know that spell.
Casting: Call Imp (safe; 2% risk of failure)
Confirm with . or Enter, or press ? or * to list all spells.
A beastly little devil appears in a puff of flame.
Your crimson imp blinks!
The ice beast misses you.
Your crimson imp blinks!
Your crimson imp hits the ice beast but does no damage.
Your crimson imp barely misses the ice beast.
You see here an arrow.
Casting: Call Imp (safe; 2% risk of failure)
Confirm with . or Enter, or press ? or * to list all spells.
A beastly little devil appears in a puff of frigid air.
Your crimson imp hits the ice beast.
The ice beast hits you.
* * * LOW HITPOINT WARNING * * *
The ice beast freezes you!
You die...

#. #.
#.########
#........#
+..ยง.....#
+......<.#
#..55.(..#
#...Y5...#
#...@...)#
###(.#####
....#
#(#### #.
## ++# ###
#
..#..#....
.....>..?.
..<.#


You could see an ice beast, 2 friendly crimson imps and a friendly white imp.

Vanquished Creatures
  2 hounds (D:4)
  Ijyb (D:2)
  A howler monkey skeleton (D:4)
  3 adders
  An adder skeleton (D:4)
  A worm (D:2)
  A dart slug (D:1)
  2 leopard geckos
  An orc (D:4)
  6 bats
  2 giant cockroaches
  5 hobgoblins
  12 jackals
  6 kobolds
  A quokka (D:3)
  5 frilled lizards
  6 goblins
  5 rats
61 creatures vanquished.

Vanquished Creatures (collateral kills)
  An iguana (D:4)
  An adder (D:2)
  3 worms
  2 giant cockroaches (D:2)
  5 goblins (D:1)
  A jackal (D:1)
  A quokka (D:2)
  3 bats
  4 rats
21 creatures vanquished.

Grand Total: 82 creatures vanquished

Notes
Turn   | Place    | Note
-------+----------+-------------------------------------------
     0 | D:1      | CanOfBees the Tengu Summoner began the quest for the Orb.
     0 | D:1      | Reached XP level 1. HP: 10/10 MP: 4/4
   666 | D:1      | Reached XP level 2. HP: 15/16 MP: 6/6
   678 | D:1      | Reached skill level 5 in Summonings
   685 | D:1      | Learned a level 2 spell: Call Imp
  1068 | D:1      | Reached skill level 1 in Fighting
  1884 | D:1      | Reached XP level 3. HP: 18/20 MP: 7/7
  1917 | D:1      | Learned a level 3 spell: Call Canine Familiar
  2406 | D:2      | Found a shattered altar of Ashenzari.
  2992 | D:2      | Reached XP level 4. HP: 24/25 MP: 8/8
  3262 | D:2      | Found an ancient bone altar of Kikubaaqudgha.
  3262 | D:2      | Found a shattered altar of Ashenzari.
  3287 | D:3      | Noticed Ijyb
  3292 | D:3      | Paralysed by Ijyb for 2 turns
  3400 | D:2      | Found a shattered altar of Ashenzari.
  3602 | D:2      | Found an ancient bone altar of Kikubaaqudgha.
  3602 | D:2      | Found a shattered altar of Ashenzari.
  3680 | D:2      | Paralysed by Ijyb for 5 turns
  3709 | D:2      | Killed Ijyb
  3709 | D:2      | Reached skill level 1 in Bows
  4488 | D:3      | Gained mutation: You can fly continuously. [Tengu growth]
  4488 | D:3      | Reached XP level 5. HP: 28/30 MP: 10/10
  5183 | D:3      | Noticed a +0 hand axe
  5183 | D:3      | Noticed a +0 dagger
  5185 | D:3      | Found a hide-covered altar of Uskayaw.
  5678 | D:4      | Found a deep blue altar of Sif Muna.
  5774 | D:5      | Entered Level 5 of the Dungeon
  5774 | D:5      | Noticed a troll
  5806 | D:5      | Noticed an ice beast
  5814 | D:5      | HP: 1/31 [ice beast (12)]
  5830 | D:5      | Slain by an ice beast

Levels and vault maps discovered:
D:1:      lightli_arrival_statue_moat, layout_basic
D:2:      layout_rooms, gammafunk_temple_overflow_elements, first_ration,
          minmay_misc_feat_tower, evilmike_ruin_ashenzari
D:3:      layout_basic, dancing_weapons_uskayaw, uniq_ijyb
D:4:      layout_cave_pools, lemuel_round_altar, chequers_serial_rivers_micro_b
D:5:      minmay_razor_zed, layout_rooms, minmay_temple_entry_mini_moons,
          ebering_ghost_disaster_area, chequers_arboretum, kennysheep_dice,
          uniq_menkaure

Skill      XL: |  1  2  3  4  5 |
---------------+----------------+-----
Summonings     | 5 |  5.9
Fighting       | 1 2 |  2.5
Dodging        | 3 |  3.0
Bows           | 1 2 |  2.1
Spellcasting   | 3 |  3.1
Stealth        | |  2.0

Action                   |  1- 3 |  4- 6 || total
-------------------------+-------+-------++-------
Melee: Unarmed           |    90 |    13 ||   103
       Kick              |    19 |    20 ||    39
       Peck              |    10 |    16 ||    26
       Spear             |       |   114 ||   114
 Fire: Longbow           |    10 |    28 ||    38
Throw: Dart              |    11 |    21 ||    32
 Cast: Summon Small Mamm |    10 |       ||    10
       Call Imp          |    18 |     7 ||    25
       Call Canine Famil |       |     4 ||     4
 Abil: Fly               |       |     1 ||     1
  Use: Scroll            |       |     4 ||     4
       Potion            |       |     1 ||     1
 Stab: Sleeping          |     2 |     1 ||     3
       Distracted        |       |     1 ||     1
  Eat: Chunk             |     8 |     8 ||    16
Armor: Robe              |    37 |    47 ||    84
Dodge: Dodged            |   104 |   121 ||   225

Table legend:
 A = Non-vault XP
 B = Vault XP
 C = Vault XP percentage of total XP
 D = Non-vault monster count
 E = Vault monster count
 F = Vault count percentage of total count
                 A         B        C        D         E       F
            +---------+---------+-------+---------+---------+-------
      Total |     279 |      36 |  11.4 |      81 |       1 |   1.2
            +---------+---------+-------+---------+---------+-------
        D:1 |      34 |       0 |   0.0 |      21 |       0 |   0.0
        D:2 |      73 |      36 |  33.0 |      30 |       1 |   3.2
        D:3 |      41 |       0 |   0.0 |      19 |       0 |   0.0
        D:4 |     131 |       0 |   0.0 |      11 |       0 |   0.0
            +---------+---------+-------+---------+---------+-------
